AoeStats
← mtc202

Nomad

509005535Analyzed
3v3 RM · 8d ago on Sep 25, 2026· 60m 41s· 6 players
Game mode
Random Map
Map size
210×210
Population
200
Speed
Normal
Resources
Standard
Victory
Conquest
Starting age
Dark Age
Ending age
Imperial Age
RankedLock teamsTeams togetherTeam positionsShared explorationLock speedFull tech treeHidden civsTurbo modeCheats
Victory
Defeat
🇺🇸 Lithuanians · United States
895
+14
🇳🇿 Sicilians · New Zealand
864
+16
🇵🇪 Slavs · Peru
840
+17
🇺🇸 Huns · United States
886
-17
🇺🇸 Ethiopians · United States
881
-17
🇺🇸 Varangians · United States
799
-13
jkjunkmailreader
5:20 Loom
15:53 Feudal Age
16:27 Double-Bit Axe
17:40 Fishing Lines
24:06 Castle Age
22:23 Gold Mining
23:45 Stone Mining
25:00 Bow Saw
25:29 Stone Shaft Mining
24:43 Pikeman
25:50 Medium Warships
25:35 Gillnets
28:09 Squires
29:15 Town Watch
30:21 Town Patrol
30:28 Elite Skirmisher
31:44 Fletching
32:01 Husbandry
33:19 Wheelbarrow
32:54 Bodkin Arrow
36:02 Forging
38:35 Imperial Age
36:35 Scale Mail Armor
37:19 Iron Casting
36:34 Arson
37:39 Chain Mail Armor
37:52 Hand Cart
38:08 Scale Barding Armor
38:16 Bloodlines
39:44 Conscription
40:08 Bracer
41:37 Chain Barding Armor
41:59 Hoardings
41:32 Treadmill Crane
42:58 Heavy Warships
44:35 Two-Man Saw
45:11 Chemistry
44:22 Masonry
47:13 Architecture
48:10 Tower Shields
48:51 Ballistics
49:36 Elite Leitis
53:14 Elite Cannon Galleon
54:11 Murder Holes
54:29 Careening
54:29 Clinker Construction
57:09 Plate Barding Armor
-Nv.~|Annier^^!|
3:23 Loom
13:31 Feudal Age
14:47 Wheelbarrow
14:00 Double-Bit Axe
21:07 Gold Mining
21:09 Stone Mining
24:17 Castle Age
25:28 Hand Cart
25:37 Bow Saw
25:03 Light Cavalry
27:09 Horse Collar
29:18 Medium Warships
31:13 Bloodlines
31:03 Husbandry
33:54 Heavy Plow
34:37 Scale Barding Armor
38:22 Imperial Age
36:37 Gold Shaft Mining
36:23 Detinets
37:08 Fishing Lines
37:58 Ballistics
37:49 Masonry
38:23 Fortified Wall
38:03 Town Watch
40:05 Two-Man Saw
41:44 Conscription
40:53 Pikeman
41:34 Squires
42:16 Forging
41:56 Fletching
45:18 Chemistry
44:24 Siege Engineers
44:29 Murder Holes
45:06 Heavy Scorpion
46:45 Cavalier
49:39 Halberdier
50:34 Bodkin Arrow
51:01 Chain Barding Armor
52:10 Iron Casting
52:08 Scale Mail Armor
53:15 Plate Barding Armor
55:50 Crop Rotation
57:12 Blast Furnace
56:28 Chain Mail Armor
59:54 Plate Mail Armor
59:27 Druzhina
Moderate AI
3:47 Loom
14:07 Feudal Age
18:50 Double-Bit Axe
21:33 Castle Age
19:44 Stone Mining
19:47 Gold Mining
19:54 Gold Mining
20:22 Forging
20:21 Scale Mail Armor
20:53 Fletching
23:01 Chain Mail Armor
23:21 Iron Casting
30:59 Iron Casting
32:33 Bodkin Arrow
32:48 Pikeman
33:25 Arson
39:27 Wheelbarrow
38:38 Town Watch
mtc202
4:13 Loom
14:33 Feudal Age
15:07 Double-Bit Axe
18:31 Wheelbarrow
19:42 Horse Collar
21:22 Fletching
21:52 Town Watch
26:25 Castle Age
25:19 Gold Mining
27:12 Thumb Ring
26:30 Crossbowman
27:47 Bow Saw
31:35 Ballistics
36:27 Squires
41:36 Imperial Age
41:04 Bodkin Arrow
41:10 Padded Archer Armor
41:44 Hand Cart
42:57 Gold Shaft Mining
42:13 Stone Mining
43:07 Conscription
43:32 Onager
45:17 Arbalester
46:00 Bracer
47:04 Chemistry
51:25 Scale Barding Armor
54:21 Onager
peranteaus
16:25 Feudal Age
17:13 Gold Mining
17:44 Double-Bit Axe
18:37 Bloodlines
21:07 Forging
23:44 Horse Collar
24:45 Scale Barding Armor
24:49 Fishing Lines
28:00 Castle Age
27:36 Fletching
27:38 Stone Mining
29:17 Bow Saw
29:06 Loom
29:28 Husbandry
31:47 Iron Casting
33:53 Wheelbarrow
36:16 Thumb Ring
36:10 Bodkin Arrow
36:36 Chain Barding Armor
41:08 Hand Cart
43:51 Imperial Age
41:58 Ballistics
41:34 Murder Holes
44:11 Padded Archer Armor
47:30 Parthian Tactics
46:27 Heavy Cavalry Archer
48:21 Town Watch
48:26 Sappers
49:17 Conscription
51:19 Chemistry
50:30 Masonry
50:07 Light Cavalry
51:00 Hussar
52:57 Atheism
59:03 Cavalier
gohome190
5:59 Loom
18:45 Feudal Age
19:55 Town Watch
20:41 Double-Bit Axe
21:04 Arson
23:51 Bloodlines
23:29 Man-at-Arms
24:47 Scale Barding Armor
29:13 Castle Age
29:23 Scale Mail Armor
29:35 Forging
31:51 Husbandry
33:23 Chain Barding Armor
33:39 Iron Casting
35:02 Town Patrol
39:14 Light Cavalry
43:33 Chain Mail Armor
45:39 Vendel Legacy
Connection lost

Rejoining the realm…

Still unreachable

The connection could not be restored.

Session expired

The server has moved on; the page needs a fresh start.